Thunderbirds vs Penguins
(R1)
Created - June 4, 2023 at 22:09
Goals
|
| Thunderbirds |
0 |
1 |
0 |
1 |
| Penguins |
0 |
3 |
2 |
5 |
|
Shots
|
| Thunderbirds |
4 |
13 |
9 |
26 |
| Penguins |
7 |
21 |
19 |
47 |
|
1st period
No Goal
Penalties :
Andy Andreoff (Wil) for Hooking (Minor) at 6:20, Andy Andreoff (Wil) for Holding (Minor) at 11:09, Matthew Finn (Wil) for Hooking (Minor) at 13:40
2nd period
1. Thunderbirds , Kirill Kaprizov 38 (Drake Batherson 58, Elias Lindholm 40) at 1:25 (PP)
2. Penguins , Denis Malgin 6 (Andrew O'Brien 28, Brett Kulak 20) at 3:06
3. Penguins , Andy Andreoff 25 (Matthew Tkachuk 50) at 3:20
4. Penguins , Evan Rodrigues 38 (John Marino 20) at 5:47
Penalties :
Victor Olofsson (Wil) for Hooking (Minor) at 0:50, Andrew O'Brien (Wil) for Tripping (Minor) at 8:07
3rd period
5. Penguins , Victor Olofsson 30 (Brett Kulak 21) at 4:12
6. Penguins , Victor Olofsson 31 (Iven Barbashev 37) at 14:32
Penalties :
Elias Lindholm (Spr) for High sticking (Minor) at 6:09, Drake Batherson (Spr) for Tripping (Minor) at 14:54
Goalie Stats
Artyom Zagidulin (Spr), 42 saves from 47 shots - (0.894), L, 0-2-0, 60:00 minutes
Jeremy Swayman (Wil), 25 saves from 26 shots - (0.962), W, 27-19-5, 60:00 minutes
Players Stats for Thunderbirds
Player Name G A P +/- PIM S H SB GA TA FO MP PP MP PK MP
------------------------------------------------------------------------------------
Anthony Beauvillier 0 0 0 -1 0 1 2 0 0 1 0/0 16:28 3:43 0:26
Blake Geoffrion 0 0 0 -1 0 3 5 2 0 0 0/0 18:01 3:43 1:01
Dominik Kahun 0 0 0 -1 0 1 1 0 0 0 0/0 10:25 0:02 0:00
Drake Batherson 0 1 1 -2 2 4 3 0 0 0 0/1 20:28 4:42 0:00
Elias Lindholm 0 1 1 -2 2 3 4 0 0 0 22/32 22:05 4:47 0:58
Filip Hronek 0 0 0 -2 0 0 2 0 0 0 0/0 27:28 5:05 2:03
Griffin Reinhart 0 0 0 -2 0 3 3 1 1 1 0/0 26:14 5:05 1:55
Jacob Larsson 0 0 0 -1 0 0 0 0 0 0 0/0 14:28 3:26 0:00
Kale Clague 0 0 0 -1 0 0 1 0 0 0 0/0 13:11 0:00 1:55
Kirill Kaprizov 1 0 1 -2 0 1 0 1 1 1 0/2 20:07 4:46 0:00
Morgan Frost 0 0 0 -1 0 2 2 0 0 0 6/11 9:52 0:01 0:59
Morgan Geekie 0 0 0 -1 0 0 0 0 0 1 0/0 11:16 0:00 0:04
Patrick Brown 0 0 0 -1 0 4 0 1 0 0 2/7 16:11 3:43 0:26
Petr Straka 0 0 0 -1 0 0 2 0 0 0 1/1 11:46 0:06 1:41
Radim Simek 0 0 0 -2 0 1 0 2 0 0 0/0 19:18 0:00 2:03
Tanner Laczynski 0 0 0 -1 0 2 0 0 1 0 0/0 8:30 0:00 0:00
Timothy Liljegren 0 0 0 -2 0 0 0 1 0 0 0/0 19:21 3:26 0:00
Tyson Jost 0 0 0 -1 0 1 0 0 0 0 0/0 10:51 0:00 2:21
Players Stats for Penguins
Player Name G A P +/- PIM S H SB GA TA FO MP PP MP PK MP
------------------------------------------------------------------------------------
Adam Brooks 0 0 0 2 0 1 1 0 0 0 6/14 16:11 1:41 2:24
Andrew O'Brien 0 1 1 3 2 1 2 3 0 1 0/0 26:57 2:22 4:03
Andy Andreoff 1 0 1 2 4 4 0 1 0 0 0/0 20:55 2:17 2:23
Brett Kulak 0 2 2 3 0 0 3 6 2 0 0/0 28:13 2:22 5:25
Danny Biega 0 0 0 0 0 5 0 1 0 0 0/0 19:55 1:36 3:47
Denis Malgin 1 0 1 1 0 2 0 0 0 0 1/2 10:08 0:00 0:00
Eetu Luostarinen 0 0 0 0 0 1 5 0 0 0 1/1 10:39 0:00 1:38
Evan Rodrigues 1 0 1 2 0 2 2 2 0 1 12/34 23:02 2:17 4:29
Gavin Bayreuther 0 0 0 0 0 5 2 1 0 0 0/0 19:09 1:36 3:03
Iven Barbashev 0 1 1 2 0 8 1 1 0 0 1/1 18:05 1:41 4:18
Jeff Malott 0 0 0 1 0 0 0 0 0 1 0/0 10:23 0:00 0:14
John Marino 0 1 1 2 0 1 0 0 0 0 0/0 12:53 0:00 0:44
Juuso Ikonen 0 0 0 0 0 3 1 0 0 0 0/0 10:36 0:00 1:36
Matthew Finn 0 0 0 2 2 1 2 1 0 0 0/0 12:51 0:00 0:00
Matthew Tkachuk 0 1 1 2 0 3 0 2 1 0 1/1 18:33 2:17 0:00
Max Gortz 0 0 0 0 0 4 1 0 0 0 0/0 9:00 0:00 0:00
Sam Kurker 0 0 0 1 0 2 0 0 0 0 0/0 10:08 0:00 0:00
Victor Olofsson 2 0 2 2 2 4 0 0 1 0 1/1 13:46 1:41 0:00
3 Stars
1 - Brett Kulak (Wil)
2 - Victor Olofsson (Wil)
3 - Evan Rodrigues (Wil)
Power Play
Thunderbirds - 1 on 5 Attempt(s) - 20.00%
Penguins - 0 on 2 Attempt(s) - 0.00%
Penalty Kill
Thunderbirds - 2 on 2 Attempt(s) - 100.00%
- Score 0 goal in Penalty Kill
Penguins - 4 on 5 Attempt(s) - 80.00%
- Score 0 goal in Penalty Kill
Team Stat
Thunderbirds - Hits : 25 - Faceoff Wins : 31 - Blocked Shots : 8 - Penalty Minutes : 4
Penguins - Hits : 20 - Faceoff Wins : 23 - Blocked Shots : 18 - Penalty Minutes : 10
Official
Referees : Ghislain Hebert and Jacob Brenk
Linesman : Jonny Murray and Travis Toomey
Game Notes
No Game Note
Finance
Level 1 -- Attendance: 1990 (99.50%) -- Ticket Income $69,650
Level 2 -- Attendance: 1000 (100.00%) -- Ticket Income $15,000
Total Attendance: 2990 (99.67%)
Total Ticket Income: $84,650
Other Income: $4,232
Total Income: $88,882
Thunderbirds
5 vs 5 Forward
Center Left Wing Right Wing Time % Phy DF OF
1 Elias Lindholm Kirill Kaprizov Drake Batherson 40 0 2 3
2 Patrick Brown Blake Geoffrion Anthony Beauvillier 30 0 2 3
3 Morgan Geekie Dominik Kahun Petr Straka 20 0 2 3
4 Morgan Frost Tyson Jost Tanner Laczynski 10 0 2 3
5 vs 5 Defense
Defense Defense Time % Phy DF OF
1 Griffin Reinhart Filip Hronek 40 0 2 3
2 Radim Simek Timothy Liljegren 30 0 2 3
3 Jacob Larsson Kale Clague 20 0 2 3
4 Griffin Reinhart Filip Hronek 10 0 2 3
PowerPlay Forward
Center Left Wing Right Wing Time % Phy DF OF
1 Elias Lindholm Kirill Kaprizov Drake Batherson 60 0 1 4
2 Patrick Brown Blake Geoffrion Anthony Beauvillier 40 0 1 4
PowerPlay Defense
Defense Defense Time % Phy DF OF
1 Griffin Reinhart Filip Hronek 60 0 2 3
2 Jacob Larsson Timothy Liljegren 40 0 2 3
Penalty Kill 4 Players Forward
Center Wing Time % Phy DF OF
1 Elias Lindholm Tyson Jost 60 1 3 1
2 Patrick Brown Anthony Beauvillier 40 1 3 1
Penalty Kill 4 Players Defense
Defense Defense Time % Phy DF OF
1 Radim Simek Filip Hronek 60 1 3 1
2 Griffin Reinhart Kale Clague 40 1 3 1
Penalty Kill - 3 Players Forward
Forward Time % Phy DF OF
1 Tyson Jost 60 1 3 1
2 Anthony Beauvillier 40 1 3 1
Penalty Kill - 3 Players Defense
Defense Defense Time % Phy DF OF
1 Radim Simek Filip Hronek 60 1 4 0
2 Griffin Reinhart Kale Clague 40 1 4 0
4 vs 4 Forward
Center Wing Time % Phy DF OF
1 Elias Lindholm Kirill Kaprizov 60 0 2 3
2 Patrick Brown Drake Batherson 40 0 2 3
4 vs 4 Defense
Defense Defense Time % Phy DF OF
1 Radim Simek Filip Hronek 60 0 2 3
2 Griffin Reinhart Kale Clague 40 0 2 3
Last Minutes Offensive
Center Left Wing Right Wing Defense Defense
Elias Lindholm Kirill Kaprizov Drake Batherson Griffin Reinhart Filip Hronek
Last Minutes Defensive
Center Left Wing Right Wing Defense Defense
Elias Lindholm Tyson Jost Anthony Beauvillier Radim Simek Filip Hronek
Goaltenders
Starting : Artyom Zagidulin
Backup : Carter Hutton
Extra Forwards
Normal : Drake Batherson, Kirill Kaprizov, Anthony Beauvillier - PP : Anthony Beauvillier, Kirill Kaprizov - PK : Petr Straka
Extra Defensemen
Normal : Timothy Liljegren, Griffin Reinhart, Filip Hronek - PP : Kale Clague - PK : Jacob Larsson, Radim Simek
Penalty Shots
Drake Batherson, Tanner Laczynski, Petr Straka, Patrick Brown, Anthony Beauvillier
Scratches
Austin Poganski (Healthy), Adam Ruzicka (Healthy), Charles Hudon (Healthy), Jake Walman (Healthy), Matt Puempel (Healthy)
Mitchell Heard (Healthy), Nicklas Jensen (Healthy), Grant Hutton (Healthy), Roberts Lipsbergs (Healthy), Shane Prince (Healthy)
Viktor Baldayev (Healthy), Calvin Thurkauf (Healthy), Dylan Gambrell (Healthy), Artur Kayumov (Healthy), Phoenix Copley (Healthy)
Penguins
5 vs 5 Forward
Center Left Wing Right Wing Time % Phy DF OF
1 Evan Rodrigues Andy Andreoff Matthew Tkachuk 40 1 2 2
2 Adam Brooks Iven Barbashev Victor Olofsson 30 1 2 2
3 Eetu Luostarinen Juuso Ikonen Max Gortz 20 1 2 2
4 Denis Malgin Jeff Malott Sam Kurker 10 1 2 2
5 vs 5 Defense
Defense Defense Time % Phy DF OF
1 Andrew O'Brien Brett Kulak 40 1 2 2
2 Gavin Bayreuther Danny Biega 30 1 2 2
3 John Marino Matthew Finn 20 1 2 2
4 Andrew O'Brien Brett Kulak 10 1 2 2
PowerPlay Forward
Center Left Wing Right Wing Time % Phy DF OF
1 Evan Rodrigues Andy Andreoff Matthew Tkachuk 60 1 2 2
2 Adam Brooks Iven Barbashev Victor Olofsson 40 1 2 2
PowerPlay Defense
Defense Defense Time % Phy DF OF
1 Andrew O'Brien Brett Kulak 60 1 2 2
2 Gavin Bayreuther Danny Biega 40 1 2 2
Penalty Kill 4 Players Forward
Center Wing Time % Phy DF OF
1 Evan Rodrigues Andy Andreoff 60 1 2 2
2 Adam Brooks Iven Barbashev 40 1 2 2
Penalty Kill 4 Players Defense
Defense Defense Time % Phy DF OF
1 Andrew O'Brien Brett Kulak 60 1 2 2
2 Gavin Bayreuther Danny Biega 40 1 2 2
Penalty Kill - 3 Players Forward
Forward Time % Phy DF OF
1 Evan Rodrigues 60 1 2 2
2 Adam Brooks 40 1 2 2
Penalty Kill - 3 Players Defense
Defense Defense Time % Phy DF OF
1 Andrew O'Brien Brett Kulak 60 1 2 2
2 Gavin Bayreuther Danny Biega 40 1 2 2
4 vs 4 Forward
Center Wing Time % Phy DF OF
1 Evan Rodrigues Andy Andreoff 60 1 2 2
2 Adam Brooks Iven Barbashev 40 1 2 2
4 vs 4 Defense
Defense Defense Time % Phy DF OF
1 Andrew O'Brien Brett Kulak 60 1 2 2
2 Gavin Bayreuther Danny Biega 40 1 2 2
Last Minutes Offensive
Center Left Wing Right Wing Defense Defense
Evan Rodrigues Andy Andreoff Matthew Tkachuk Andrew O'Brien Brett Kulak
Last Minutes Defensive
Center Left Wing Right Wing Defense Defense
Evan Rodrigues Andy Andreoff Matthew Tkachuk Andrew O'Brien Brett Kulak
Goaltenders
Starting : Jeremy Swayman
Backup : Anthony Stolarz
Extra Forwards
Normal : Iven Barbashev, Max Gortz, Sam Kurker - PP : Iven Barbashev, Max Gortz - PK : Iven Barbashev
Extra Defensemen
Normal : Danny Biega, John Marino, Matthew Finn - PP : Danny Biega - PK : Danny Biega, John Marino
Penalty Shots
Andy Andreoff, Matthew Tkachuk, Victor Olofsson, Evan Rodrigues, Iven Barbashev
Scratches
Jesper Boqvist (Healthy), Brett Pollock (Healthy), Curtis Hamilton (Healthy), Dakota Mermis (Sports Hernia Injury), Josh Ho-Sang (Healthy)
Austin Strand (Healthy), Raphael Bussieres (Healthy), Steven Spinner (Healthy), German Rubtsov (Healthy), Cal Petersen (Healthy)
% Time on Ice - Thunderbirds
Lines # - Real PCT - Wanted PCT - Time Play
Normal Forward
1 - 36% - 40% - 17:01
2 - 25% - 30% - 12:02
3 - 21% - 20% - 9:58
4 - 18% - 10% - 8:30
Normal Defense
1 - 39% - 40% - 18:42
2 - 34% - 30% - 15:56
3 - 24% - 20% - 11:15
4 - 3% - 10% - 1:38
PP Forward
1 - 56% - 60% - 4:48
2 - 44% - 40% - 3:43
PP Defense
1 - 60% - 60% - 5:05
2 - 40% - 40% - 3:26
PK Forward
1 - 89% - 60% - 3:32
2 - 11% - 40% - 0:26
PK Defense
1 - 52% - 60% - 2:03
2 - 48% - 40% - 1:55
PK3 Forward
1 - 0% - 60%
2 - 0% - 40%
PK3 Defense
1 - 0% - 60%
2 - 0% - 40%
44 Forward
1 - 0% - 60%
2 - 0% - 40%
44 Defense
1 - 0% - 60%
2 - 0% - 40%
Last Minute Offensive - 0:00
Last Minute Defensive - 0:00
Total
Forward - 60:00
Defense - 60:00
|
% Time on Ice - Penguins
Lines # - Real PCT - Wanted PCT - Time Play
Normal Forward
1 - 34% - 40% - 16:17
2 - 25% - 30% - 12:06
3 - 19% - 20% - 9:00
4 - 21% - 10% - 10:08
Normal Defense
1 - 39% - 40% - 18:31
2 - 31% - 30% - 14:30
3 - 24% - 20% - 11:38
4 - 6% - 10% - 2:52
PP Forward
1 - 58% - 60% - 2:17
2 - 42% - 40% - 1:41
PP Defense
1 - 60% - 60% - 2:22
2 - 40% - 40% - 1:36
PK Forward
1 - 72% - 60% - 6:07
2 - 28% - 40% - 2:24
PK Defense
1 - 64% - 60% - 5:28
2 - 36% - 40% - 3:03
PK3 Forward
1 - 0% - 60%
2 - 0% - 40%
PK3 Defense
1 - 0% - 60%
2 - 0% - 40%
44 Forward
1 - 0% - 60%
2 - 0% - 40%
44 Defense
1 - 0% - 60%
2 - 0% - 40%
Last Minute Offensive - 0:00
Last Minute Defensive - 0:00
Total
Forward - 60:00
Defense - 60:00
|
Play-by-Play
1st period
0:01 of 1st period - Evan Rodrigues wins face-off versus Kirill Kaprizov in neutral zone.
0:26 of 1st period - Iven Barbashev is hit by Blake Geoffrion and loses puck.
0:53 of 1st period - Slapshot by Eetu Luostarinen.
0:53 of 1st period - Shot Misses the Net.
1:16 of 1st period - Wrist shot by Morgan Frost.
1:16 of 1st period - Shot Blocked by Gavin Bayreuther.
1:58 of 1st period - Wrist shot by Iven Barbashev.
1:58 of 1st period - Stopped by Artyom Zagidulin with a rebound.
2:42 of 1st period - Wrist shot by Andy Andreoff.
2:42 of 1st period - Shot Misses the Net.
3:16 of 1st period - Wrist shot by Iven Barbashev.
3:16 of 1st period - Stopped by Artyom Zagidulin without a rebound.
3:17 of 1st period - Adam Brooks wins face-off versus Patrick Brown in Thunderbirds zone.
3:42 of 1st period - Snap shot by Blake Geoffrion.
3:42 of 1st period - Shot Blocked by Matthew Tkachuk.
4:02 of 1st period - Danny Biega is hit by Griffin Reinhart and loses puck.
4:21 of 1st period - Danny Biega is hit by Filip Hronek and loses puck.
4:34 of 1st period - Sam Kurker is hit by Griffin Reinhart and loses puck.
5:49 of 1st period - Tyson Jost is hit by Andrew O'Brien and loses puck.
6:10 of 1st period - Wrist shot by Elias Lindholm.
6:10 of 1st period - Shot Blocked by Evan Rodrigues.
6:12 of 1st period - Slapshot by Elias Lindholm.
6:12 of 1st period - Stopped by Jeremy Swayman with a rebound.
6:20 of 1st period - Minor Penalty to Andy Andreoff for Hooking.
6:21 of 1st period - Elias Lindholm wins face-off versus Evan Rodrigues in Penguins zone.
6:28 of 1st period - Snap shot by Drake Batherson.
6:28 of 1st period - Deflect By Elias Lindholm.
6:28 of 1st period - Shot Misses the Net.
6:28 of 1st period - Puck is out of play.
6:29 of 1st period - Evan Rodrigues wins face-off versus Elias Lindholm in Penguins zone.
6:38 of 1st period - Snap shot by Drake Batherson.
6:38 of 1st period - Stopped by Jeremy Swayman without a rebound.
6:39 of 1st period - Elias Lindholm wins face-off versus Evan Rodrigues in Penguins zone.
6:50 of 1st period - Snap shot by Drake Batherson.
6:50 of 1st period - Stopped by Jeremy Swayman with a rebound.
6:52 of 1st period - Snap shot by Elias Lindholm.
6:52 of 1st period - Shot Blocked by Brett Kulak.
7:38 of 1st period - Snap shot by Juuso Ikonen.
7:38 of 1st period - Shot Misses the Net.
8:20 of 1st period - Penalty to Andy Andreoff is over, Andy Andreoff is back on ice.
8:47 of 1st period - Slapshot by Sam Kurker.
8:47 of 1st period - Deflect By Timothy Liljegren.
8:47 of 1st period - Stopped by Artyom Zagidulin without a rebound.
8:48 of 1st period - Morgan Frost wins face-off versus Denis Malgin in Thunderbirds zone.
9:32 of 1st period - Snap shot by Iven Barbashev.
9:32 of 1st period - Shot Blocked by Patrick Brown.
9:38 of 1st period - Wrist shot by Victor Olofsson.
9:38 of 1st period - Shot Blocked by Radim Simek.
9:40 of 1st period - Slapshot by Iven Barbashev.
9:40 of 1st period - Shot Misses the Net.
10:10 of 1st period - Timothy Liljegren is hit by Max Gortz and loses puck.
10:54 of 1st period - Slapshot by Iven Barbashev.
10:54 of 1st period - Stopped by Artyom Zagidulin with a rebound.
11:09 of 1st period - Minor Penalty to Andy Andreoff for Holding.
11:10 of 1st period - Elias Lindholm wins face-off versus Evan Rodrigues in Penguins zone.
12:34 of 1st period - Brett Kulak is hit by Anthony Beauvillier and loses puck.
12:53 of 1st period - Evan Rodrigues is hit by Elias Lindholm and loses puck.
13:09 of 1st period - Penalty to Andy Andreoff is over, Andy Andreoff is back on ice.
13:40 of 1st period - Minor Penalty to Matthew Finn for Hooking.
13:41 of 1st period - Elias Lindholm wins face-off versus Adam Brooks in Penguins zone.
13:49 of 1st period - Snap shot by Elias Lindholm.
13:49 of 1st period - Shot Blocked by Andrew O'Brien.
14:11 of 1st period - Slapshot by Anthony Beauvillier.
14:11 of 1st period - Deflect By Patrick Brown.
14:11 of 1st period - Stopped by Jeremy Swayman with a rebound.
15:40 of 1st period - Penalty to Matthew Finn is over, Matthew Finn is back on ice.
15:47 of 1st period - Wrist shot by Sam Kurker.
15:47 of 1st period - Shot Misses the Net.
15:49 of 1st period - Wrist shot by Gavin Bayreuther.
15:49 of 1st period - Stopped by Artyom Zagidulin with a rebound.
15:51 of 1st period - Slapshot by Danny Biega.
15:51 of 1st period - Shot Misses the Net.
17:04 of 1st period - Radim Simek is hit by Brett Kulak and loses puck.
17:22 of 1st period - Icing by Kale Clague.
17:23 of 1st period - Evan Rodrigues wins face-off versus Patrick Brown in Thunderbirds zone.
17:28 of 1st period - Slapshot by Andy Andreoff.
17:28 of 1st period - Deflect By Matthew Tkachuk.
17:28 of 1st period - Shot Blocked by Blake Geoffrion.
17:28 of 1st period - Puck is out of play.
17:29 of 1st period - Elias Lindholm wins face-off versus Evan Rodrigues in Thunderbirds zone.
17:34 of 1st period - Snap shot by Matthew Tkachuk.
17:34 of 1st period - Stopped by Artyom Zagidulin with a rebound.
18:25 of 1st period - Off-side.
18:26 of 1st period - Evan Rodrigues wins face-off versus Elias Lindholm in neutral zone.
18:51 of 1st period - Radim Simek is hit by Gavin Bayreuther and loses puck.
18:58 of 1st period - Wrist shot by Iven Barbashev.
18:58 of 1st period - Stopped by Artyom Zagidulin with a rebound.
19:30 of 1st period - Sam Kurker is hit by Blake Geoffrion and loses puck.
19:37 of 1st period - Wrist shot by Blake Geoffrion.
19:37 of 1st period - Shot Blocked by Brett Kulak.
19:39 of 1st period - Slapshot by Griffin Reinhart.
19:39 of 1st period - Shot Misses the Net.
19:49 of 1st period - Sam Kurker is hit by Elias Lindholm and loses puck.
Goals for this period are 0 for Thunderbirds vs 0 for Penguins.
Shots for this period are 4 for Thunderbirds vs 7 for Penguins.
2nd period
0:01 of 2nd period - Elias Lindholm wins face-off versus Evan Rodrigues in neutral zone.
0:30 of 2nd period - Snap shot by Blake Geoffrion.
0:30 of 2nd period - Shot Blocked by Iven Barbashev.
0:32 of 2nd period - Slapshot by Blake Geoffrion.
0:32 of 2nd period - Shot Blocked by Brett Kulak.
0:34 of 2nd period - Slapshot by Patrick Brown.
0:34 of 2nd period - Stopped by Jeremy Swayman without a rebound.
0:35 of 2nd period - Adam Brooks wins face-off versus Elias Lindholm in Penguins zone.
0:35 of 2nd period - Adam Brooks is hit by Elias Lindholm.
0:50 of 2nd period - Minor Penalty to Victor Olofsson for Hooking.
0:51 of 2nd period - Elias Lindholm wins face-off versus Evan Rodrigues in Penguins zone.
1:23 of 2nd period - Wrist shot by Patrick Brown.
1:23 of 2nd period - Stopped by Jeremy Swayman without a rebound.
1:24 of 2nd period - Elias Lindholm wins face-off versus Adam Brooks in Penguins zone.
1:25 of 2nd period - Wrist shot by Drake Batherson.
1:25 of 2nd period - Deflect By Kirill Kaprizov.
1:25 of 2nd period - Goal by Kirill Kaprizov - Thunderbirds : 1 - Penguins : 0.
1:26 of 2nd period - Evan Rodrigues wins face-off versus Elias Lindholm in neutral zone.
2:07 of 2nd period - Wrist shot by Andy Andreoff.
2:07 of 2nd period - Stopped by Artyom Zagidulin without a rebound.
2:08 of 2nd period - Victor Olofsson wins face-off versus Patrick Brown in Thunderbirds zone.
2:11 of 2nd period - Snap shot by Iven Barbashev.
2:11 of 2nd period - Shot Misses the Net.
2:44 of 2nd period - Snap shot by Max Gortz.
2:44 of 2nd period - Stopped by Artyom Zagidulin with a rebound.
2:46 of 2nd period - Snap shot by Danny Biega.
2:46 of 2nd period - Stopped by Artyom Zagidulin with a rebound.
3:04 of 2nd period - Slapshot by Andrew O'Brien.
3:04 of 2nd period - Stopped by Artyom Zagidulin with a rebound.
3:06 of 2nd period - Wrist shot by Denis Malgin.
3:06 of 2nd period - Goal by Denis Malgin - Thunderbirds : 1 - Penguins : 1.
3:07 of 2nd period - Elias Lindholm wins face-off versus Evan Rodrigues in neutral zone.
3:09 of 2nd period - Off-side.
3:10 of 2nd period - Elias Lindholm wins face-off versus Evan Rodrigues in neutral zone.
3:13 of 2nd period - Matthew Tkachuk is hit by Elias Lindholm and loses puck.
3:20 of 2nd period - Wrist shot by Andy Andreoff.
3:20 of 2nd period - Goal by Andy Andreoff - Thunderbirds : 1 - Penguins : 2.
3:21 of 2nd period - Elias Lindholm wins face-off versus Evan Rodrigues in neutral zone.
3:24 of 2nd period - Slapshot by Griffin Reinhart.
3:24 of 2nd period - Stopped by Jeremy Swayman with a rebound.
3:57 of 2nd period - Snap shot by Blake Geoffrion.
3:57 of 2nd period - Shot Misses the Net.
4:14 of 2nd period - Snap shot by Blake Geoffrion.
4:14 of 2nd period - Shot Blocked by Andrew O'Brien.
4:16 of 2nd period - Wrist shot by Patrick Brown.
4:16 of 2nd period - Shot Misses the Net.
5:08 of 2nd period - Wrist shot by Dominik Kahun.
5:08 of 2nd period - Stopped by Jeremy Swayman with a rebound.
5:22 of 2nd period - Slapshot by Gavin Bayreuther.
5:22 of 2nd period - Shot Blocked by Griffin Reinhart.
5:24 of 2nd period - Slapshot by Danny Biega.
5:24 of 2nd period - Stopped by Artyom Zagidulin without a rebound.
5:25 of 2nd period - Morgan Frost wins face-off versus Adam Brooks in Thunderbirds zone.
5:25 of 2nd period - Morgan Frost is hit by Matthew Finn.
5:31 of 2nd period - Snap shot by Tanner Laczynski.
5:31 of 2nd period - Stopped by Jeremy Swayman without a rebound.
5:32 of 2nd period - Elias Lindholm wins face-off versus Evan Rodrigues in Penguins zone.
5:33 of 2nd period - Wrist shot by Drake Batherson.
5:33 of 2nd period - Shot Misses the Net.
5:35 of 2nd period - Backhand shot by Drake Batherson.
5:35 of 2nd period - Stopped by Jeremy Swayman with a rebound.
5:47 of 2nd period - Snap shot by Evan Rodrigues.
5:47 of 2nd period - Goal by Evan Rodrigues - Thunderbirds : 1 - Penguins : 3.
5:48 of 2nd period - Elias Lindholm wins face-off versus Evan Rodrigues in neutral zone.
6:01 of 2nd period - Snap shot by Elias Lindholm.
6:01 of 2nd period - Stopped by Jeremy Swayman without a rebound.
6:02 of 2nd period - Elias Lindholm wins face-off versus Evan Rodrigues in Penguins zone.
6:58 of 2nd period - Dominik Kahun is hit by Andrew O'Brien and loses puck.
7:13 of 2nd period - Slapshot by Gavin Bayreuther.
7:13 of 2nd period - Stopped by Artyom Zagidulin with a rebound.
7:16 of 2nd period - Icing by Radim Simek.
7:17 of 2nd period - Evan Rodrigues wins face-off versus Morgan Frost in Thunderbirds zone.
7:20 of 2nd period - Wrist shot by Evan Rodrigues.
7:20 of 2nd period - Stopped by Artyom Zagidulin with a rebound.
7:22 of 2nd period - Slapshot by Danny Biega.
7:22 of 2nd period - Stopped by Artyom Zagidulin with a rebound.
7:24 of 2nd period - Snap shot by Danny Biega.
7:24 of 2nd period - Stopped by Artyom Zagidulin with a rebound.
7:49 of 2nd period - Wrist shot by Iven Barbashev.
7:49 of 2nd period - Deflect By Victor Olofsson.
7:49 of 2nd period - Shot Misses the Net.
7:49 of 2nd period - Puck is out of play.
7:50 of 2nd period - Elias Lindholm wins face-off versus Evan Rodrigues in Thunderbirds zone.
8:00 of 2nd period - Icing by Matthew Finn.
8:01 of 2nd period - Elias Lindholm wins face-off versus Evan Rodrigues in Penguins zone.
8:04 of 2nd period - Slapshot by Drake Batherson.
8:04 of 2nd period - Stopped by Jeremy Swayman without a rebound.
8:05 of 2nd period - Evan Rodrigues wins face-off versus Elias Lindholm in Penguins zone.
8:07 of 2nd period - Minor Penalty to Andrew O'Brien for Tripping.
8:08 of 2nd period - Evan Rodrigues wins face-off versus Elias Lindholm in Penguins zone.
8:39 of 2nd period - Slapshot by Blake Geoffrion.
8:39 of 2nd period - Deflect By Brett Kulak.
8:39 of 2nd period - Shot Misses the Net.
8:39 of 2nd period - Puck is out of play.
8:40 of 2nd period - Iven Barbashev wins face-off versus Elias Lindholm in Penguins zone.
9:05 of 2nd period - Patrick Brown is hit by Adam Brooks and loses puck.
9:24 of 2nd period - Danny Biega is hit by Drake Batherson and loses puck.
10:07 of 2nd period - Penalty to Andrew O'Brien is over, Andrew O'Brien is back on ice.
10:15 of 2nd period - Sam Kurker is hit by Dominik Kahun and loses puck.
10:43 of 2nd period - Brett Kulak is hit by Morgan Frost and loses puck.
11:15 of 2nd period - Iven Barbashev is hit by Blake Geoffrion and loses puck.
11:44 of 2nd period - Griffin Reinhart is hit by Eetu Luostarinen and loses puck.
12:03 of 2nd period - Filip Hronek is hit by Matthew Finn and loses puck.
12:32 of 2nd period - Jacob Larsson is hit by Juuso Ikonen and loses puck.
12:37 of 2nd period - Wrist shot by Max Gortz.
12:37 of 2nd period - Shot Blocked by Blake Geoffrion.
12:39 of 2nd period - Slapshot by Juuso Ikonen.
12:39 of 2nd period - Shot Misses the Net.
12:41 of 2nd period - Snap shot by Max Gortz.
12:41 of 2nd period - Deflect By Juuso Ikonen.
12:41 of 2nd period - Stopped by Artyom Zagidulin without a rebound.
12:42 of 2nd period - Evan Rodrigues wins face-off versus Kirill Kaprizov in Thunderbirds zone.
13:13 of 2nd period - Anthony Beauvillier is hit by Brett Kulak and loses puck.
13:44 of 2nd period - Snap shot by Blake Geoffrion.
13:44 of 2nd period - Shot Misses the Net.
13:46 of 2nd period - Slapshot by Jacob Larsson.
13:46 of 2nd period - Deflect By Anthony Beauvillier.
13:46 of 2nd period - Stopped by Jeremy Swayman with a rebound.
13:48 of 2nd period - Snap shot by Anthony Beauvillier.
13:48 of 2nd period - Deflect By Patrick Brown.
13:48 of 2nd period - Shot Misses the Net.
13:48 of 2nd period - Puck is out of play.
13:49 of 2nd period - Elias Lindholm wins face-off versus Evan Rodrigues in Penguins zone.
14:51 of 2nd period - Snap shot by Matthew Tkachuk.
14:51 of 2nd period - Deflect By Andy Andreoff.
14:51 of 2nd period - Stopped by Artyom Zagidulin with a rebound.
14:53 of 2nd period - Snap shot by Evan Rodrigues.
14:53 of 2nd period - Shot Misses the Net.
15:31 of 2nd period - Wrist shot by Andy Andreoff.
15:31 of 2nd period - Shot Misses the Net.
15:33 of 2nd period - Wrist shot by Andy Andreoff.
15:33 of 2nd period - Stopped by Artyom Zagidulin with a rebound.
15:35 of 2nd period - Slapshot by John Marino.
15:35 of 2nd period - Deflect By Kirill Kaprizov.
15:35 of 2nd period - Stopped by Artyom Zagidulin with a rebound.
15:37 of 2nd period - Slapshot by Matthew Finn.
15:37 of 2nd period - Deflect By Kirill Kaprizov.
15:37 of 2nd period - Stopped by Artyom Zagidulin with a rebound.
16:16 of 2nd period - Slapshot by Griffin Reinhart.
16:16 of 2nd period - Stopped by Jeremy Swayman without a rebound.
16:17 of 2nd period - Patrick Brown wins face-off versus Adam Brooks in Penguins zone.
16:18 of 2nd period - Wrist shot by Blake Geoffrion.
16:18 of 2nd period - Stopped by Jeremy Swayman with a rebound.
16:26 of 2nd period - Snap shot by Victor Olofsson.
16:26 of 2nd period - Deflect By Iven Barbashev.
16:26 of 2nd period - Stopped by Artyom Zagidulin with a rebound.
16:49 of 2nd period - Slapshot by Jacob Larsson.
16:49 of 2nd period - Shot Blocked by Brett Kulak.
17:02 of 2nd period - Off-side.
17:03 of 2nd period - Denis Malgin wins face-off versus Morgan Frost in neutral zone.
17:06 of 2nd period - Snap shot by Gavin Bayreuther.
17:06 of 2nd period - Deflect By Timothy Liljegren.
17:06 of 2nd period - Stopped by Artyom Zagidulin with a rebound.
17:30 of 2nd period - Sam Kurker is hit by Petr Straka and loses puck.
17:41 of 2nd period - Snap shot by Denis Malgin.
17:41 of 2nd period - Stopped by Artyom Zagidulin with a rebound.
17:43 of 2nd period - Snap shot by Sam Kurker.
17:43 of 2nd period - Shot Misses the Net.
18:11 of 2nd period - Slapshot by Sam Kurker.
18:11 of 2nd period - Stopped by Artyom Zagidulin with a rebound.
18:13 of 2nd period - Snap shot by Denis Malgin.
18:13 of 2nd period - Shot Blocked by Radim Simek.
18:45 of 2nd period - Backhand shot by Morgan Geekie.
18:45 of 2nd period - Shot Misses the Net.
18:47 of 2nd period - Snap shot by Petr Straka.
18:47 of 2nd period - Shot Misses the Net.
18:49 of 2nd period - Backhand shot by Dominik Kahun.
18:49 of 2nd period - Deflect By Morgan Geekie.
18:49 of 2nd period - Shot Misses the Net.
18:49 of 2nd period - Puck is out of play.
18:50 of 2nd period - Adam Brooks wins face-off versus Patrick Brown in Penguins zone.
18:50 of 2nd period - Adam Brooks is hit by Blake Geoffrion.
19:06 of 2nd period - Snap shot by Jacob Larsson.
19:06 of 2nd period - Deflect By Patrick Brown.
19:06 of 2nd period - Stopped by Jeremy Swayman without a rebound.
19:07 of 2nd period - Eetu Luostarinen wins face-off versus Morgan Frost in Penguins zone.
19:07 of 2nd period - Eetu Luostarinen is hit by Filip Hronek.
19:13 of 2nd period - Tyson Jost is hit by Eetu Luostarinen and loses puck.
Goals for this period are 1 for Thunderbirds vs 3 for Penguins.
Shots for this period are 13 for Thunderbirds vs 21 for Penguins.
3rd period
0:01 of 3rd period - Elias Lindholm wins face-off versus Evan Rodrigues in neutral zone.
0:12 of 3rd period - Matthew Tkachuk is hit by Drake Batherson and loses puck.
0:44 of 3rd period - Snap shot by Gavin Bayreuther.
0:44 of 3rd period - Stopped by Artyom Zagidulin with a rebound.
1:08 of 3rd period - Slapshot by Gavin Bayreuther.
1:08 of 3rd period - Shot Blocked by Timothy Liljegren.
1:10 of 3rd period - Snap shot by Danny Biega.
1:10 of 3rd period - Stopped by Artyom Zagidulin without a rebound.
1:11 of 3rd period - Morgan Frost wins face-off versus Evan Rodrigues in Thunderbirds zone.
1:24 of 3rd period - Snap shot by Morgan Frost.
1:24 of 3rd period - Stopped by Jeremy Swayman without a rebound.
1:25 of 3rd period - Adam Brooks wins face-off versus Elias Lindholm in Penguins zone.
1:57 of 3rd period - Snap shot by Andy Andreoff.
1:57 of 3rd period - Shot Misses the Net.
2:30 of 3rd period - Snap shot by Max Gortz.
2:30 of 3rd period - Stopped by Artyom Zagidulin with a rebound.
3:02 of 3rd period - Snap shot by Victor Olofsson.
3:02 of 3rd period - Deflect By Adam Brooks.
3:02 of 3rd period - Stopped by Artyom Zagidulin without a rebound.
3:03 of 3rd period - Adam Brooks wins face-off versus Elias Lindholm in Thunderbirds zone.
3:14 of 3rd period - Wrist shot by Victor Olofsson.
3:14 of 3rd period - Stopped by Artyom Zagidulin with a rebound.
3:16 of 3rd period - Wrist shot by Victor Olofsson.
3:16 of 3rd period - Shot Misses the Net.
3:18 of 3rd period - Snap shot by Iven Barbashev.
3:18 of 3rd period - Shot Blocked by Kirill Kaprizov.
3:20 of 3rd period - Slapshot by Victor Olofsson.
3:20 of 3rd period - Stopped by Artyom Zagidulin without a rebound.
3:21 of 3rd period - Matthew Tkachuk wins face-off versus Patrick Brown in Thunderbirds zone.
4:06 of 3rd period - Snap shot by Tanner Laczynski.
4:06 of 3rd period - Stopped by Jeremy Swayman with a rebound.
4:12 of 3rd period - Snap shot by Victor Olofsson.
4:12 of 3rd period - Goal by Victor Olofsson - Thunderbirds : 1 - Penguins : 4.
4:13 of 3rd period - Elias Lindholm wins face-off versus Evan Rodrigues in neutral zone.
5:01 of 3rd period - Slapshot by Griffin Reinhart.
5:01 of 3rd period - Stopped by Jeremy Swayman with a rebound.
5:43 of 3rd period - Slapshot by Drake Batherson.
5:43 of 3rd period - Shot Misses the Net.
5:45 of 3rd period - Slapshot by Radim Simek.
5:45 of 3rd period - Stopped by Jeremy Swayman with a rebound.
5:47 of 3rd period - Slapshot by Kirill Kaprizov.
5:47 of 3rd period - Shot Blocked by Brett Kulak.
6:04 of 3rd period - Wrist shot by Iven Barbashev.
6:04 of 3rd period - Stopped by Artyom Zagidulin with a rebound.
6:06 of 3rd period - Snap shot by Iven Barbashev.
6:06 of 3rd period - Stopped by Artyom Zagidulin without a rebound.
6:07 of 3rd period - Elias Lindholm wins face-off versus Adam Brooks in Thunderbirds zone.
6:09 of 3rd period - Minor Penalty to Elias Lindholm for High sticking.
6:10 of 3rd period - Petr Straka wins face-off versus Evan Rodrigues in Thunderbirds zone.
6:18 of 3rd period - Wrist shot by Matthew Tkachuk.
6:18 of 3rd period - Stopped by Artyom Zagidulin with a rebound.
6:26 of 3rd period - Slapshot by Gavin Bayreuther.
6:26 of 3rd period - Stopped by Artyom Zagidulin with a rebound.
6:56 of 3rd period - Snap shot by Petr Straka.
6:56 of 3rd period - Shot Blocked by Danny Biega.
7:17 of 3rd period - Wrist shot by Iven Barbashev.
7:17 of 3rd period - Stopped by Artyom Zagidulin without a rebound.
7:18 of 3rd period - Morgan Frost wins face-off versus Evan Rodrigues in Thunderbirds zone.
7:18 of 3rd period - Morgan Frost is hit by Evan Rodrigues.
7:34 of 3rd period - Icing by Andy Andreoff.
7:35 of 3rd period - Evan Rodrigues wins face-off versus Morgan Frost in Penguins zone.
7:44 of 3rd period - Andrew O'Brien is hit by Griffin Reinhart and loses puck.
8:09 of 3rd period - Penalty to Elias Lindholm is over, Elias Lindholm is back on ice.
8:21 of 3rd period - Backhand shot by Matthew Tkachuk.
8:21 of 3rd period - Shot Misses the Net.
9:01 of 3rd period - Filip Hronek is hit by Evan Rodrigues and loses puck.
9:22 of 3rd period - Slapshot by Blake Geoffrion.
9:22 of 3rd period - Stopped by Jeremy Swayman without a rebound.
9:23 of 3rd period - Adam Brooks wins face-off versus Morgan Frost in Penguins zone.
9:48 of 3rd period - Drake Batherson is hit by Eetu Luostarinen.
9:52 of 3rd period - Backhand shot by Eetu Luostarinen.
9:52 of 3rd period - Stopped by Artyom Zagidulin with a rebound.
9:54 of 3rd period - Wrist shot by Juuso Ikonen.
9:54 of 3rd period - Shot Misses the Net.
9:56 of 3rd period - Slapshot by Juuso Ikonen.
9:56 of 3rd period - Stopped by Artyom Zagidulin with a rebound.
9:58 of 3rd period - Snap shot by Max Gortz.
9:58 of 3rd period - Stopped by Artyom Zagidulin without a rebound.
9:59 of 3rd period - Morgan Frost wins face-off versus Adam Brooks in Thunderbirds zone.
10:04 of 3rd period - Adam Brooks is hit by Morgan Frost and loses puck.
10:53 of 3rd period - John Marino is hit by Blake Geoffrion and loses puck.
11:37 of 3rd period - Slapshot by Kale Clague.
11:37 of 3rd period - Shot Blocked by Andrew O'Brien.
11:39 of 3rd period - Slapshot by Kale Clague.
11:39 of 3rd period - Shot Blocked by Brett Kulak.
11:41 of 3rd period - Snap shot by Tyson Jost.
11:41 of 3rd period - Stopped by Jeremy Swayman without a rebound.
11:42 of 3rd period - Morgan Frost wins face-off versus Adam Brooks in Penguins zone.
12:29 of 3rd period - Wrist shot by Juuso Ikonen.
12:29 of 3rd period - Shot Misses the Net.
12:52 of 3rd period - Snap shot by Morgan Frost.
12:52 of 3rd period - Shot Blocked by Evan Rodrigues.
12:54 of 3rd period - Snap shot by Morgan Frost.
12:54 of 3rd period - Deflect By Andy Andreoff.
12:54 of 3rd period - Stopped by Jeremy Swayman with a rebound.
12:56 of 3rd period - Slapshot by Morgan Frost.
12:56 of 3rd period - Shot Blocked by Matthew Tkachuk.
12:58 of 3rd period - Slapshot by Kale Clague.
12:58 of 3rd period - Shot Blocked by Andy Andreoff.
13:12 of 3rd period - Snap shot by Sam Kurker.
13:12 of 3rd period - Shot Misses the Net.
13:29 of 3rd period - Andrew O'Brien is hit by Anthony Beauvillier and loses puck.
13:34 of 3rd period - Wrist shot by Blake Geoffrion.
13:34 of 3rd period - Stopped by Jeremy Swayman without a rebound.
13:35 of 3rd period - Patrick Brown wins face-off versus Evan Rodrigues in Penguins zone.
13:44 of 3rd period - Snap shot by Patrick Brown.
13:44 of 3rd period - Shot Blocked by Matthew Finn.
13:53 of 3rd period - Icing by John Marino.
13:54 of 3rd period - Evan Rodrigues wins face-off versus Elias Lindholm in Penguins zone.
13:54 of 3rd period - Evan Rodrigues is hit by Drake Batherson.
14:23 of 3rd period - Anthony Beauvillier is hit by Iven Barbashev and loses puck.
14:32 of 3rd period - Snap shot by Victor Olofsson.
14:32 of 3rd period - Goal by Victor Olofsson - Thunderbirds : 1 - Penguins : 5.
14:33 of 3rd period - Evan Rodrigues wins face-off versus Drake Batherson in neutral zone.
14:54 of 3rd period - Minor Penalty to Drake Batherson for Tripping.
14:55 of 3rd period - Elias Lindholm wins face-off versus Evan Rodrigues in Thunderbirds zone.
15:04 of 3rd period - Tyson Jost is hit by Brett Kulak and loses puck.
15:11 of 3rd period - Snap shot by Matthew Tkachuk.
15:11 of 3rd period - Stopped by Artyom Zagidulin with a rebound.
16:23 of 3rd period - Filip Hronek is hit by Gavin Bayreuther.
16:54 of 3rd period - Penalty to Drake Batherson is over, Drake Batherson is back on ice.
17:00 of 3rd period - Timothy Liljegren is hit by Eetu Luostarinen and loses puck.
17:23 of 3rd period - Denis Malgin is hit by Kale Clague and loses puck.
17:56 of 3rd period - Snap shot by Juuso Ikonen.
17:56 of 3rd period - Stopped by Artyom Zagidulin with a rebound.
18:06 of 3rd period - Danny Biega is hit by Petr Straka.
18:46 of 3rd period - Icing by Radim Simek.
18:47 of 3rd period - Elias Lindholm wins face-off versus Adam Brooks in Thunderbirds zone.
19:00 of 3rd period - Wrist shot by Elias Lindholm.
19:00 of 3rd period - Stopped by Jeremy Swayman with a rebound.
19:12 of 3rd period - Blake Geoffrion is hit by Eetu Luostarinen and loses puck.
19:23 of 3rd period - Slapshot by Max Gortz.
19:23 of 3rd period - Stopped by Artyom Zagidulin with a rebound.
Goals for this period are 0 for Thunderbirds vs 2 for Penguins.
Shots for this period are 9 for Thunderbirds vs 19 for Penguins.